AoeStats
← calvindukelb

Oasis

510177947Analyzed
4v4 RM · 2d ago on Sep 29, 2026· 70m 16s· 8 players
Game mode
Random Map
Map size
Large (8 player)
Population
200
Speed
Normal
Resources
Standard
Victory
Conquest
Starting age
Dark Age
Ending age
Imperial Age
RankedLock teamsTeams togetherTeam positionsShared explorationLock speedFull tech treeHidden civsTurbo modeCheats
Victory
Defeat
🇦🇷 Bohemians · Argentina
594
+19
🇦🇷 Persians · Argentina
575
+20
🇦🇷 Goths · Argentina
575
+20
🇷🇺 Franks · Russia
517
+22
🇩🇪 Spanish · Germany
1000
-141
🇩🇪 Romans · Germany
635
-19
🇩🇪 Romans · Germany
564
-17
🇩🇪 Franks · Germany
535
-15
xLEOx
13:21 Feudal Age
18:37 Castle Age
16:30 Double-Bit Axe
21:42 Bow Saw
24:57 Gold Mining
25:01 Stone Mining
28:17 Gold Shaft Mining
28:55 Wheelbarrow
31:50 Imperial Age
32:50 Hand Cart
33:10 Ballistics
33:41 Scale Barding Armor
33:47 Forging
33:41 Padded Archer Armor
33:32 Fletching
35:51 Chemistry
36:38 Husbandry
36:07 Cavalier
38:05 Conscription
37:55 Elite Throwing Axeman
39:07 Paladin
40:20 Chain Barding Armor
40:36 Iron Casting
42:07 Paladin
44:07 Plate Barding Armor
44:32 Blast Furnace
Danilo98332
11:36 Feudal Age
18:05 Castle Age
20:49 Horse Collar
22:12 Heavy Plow
29:55 Wheelbarrow
30:21 Forging
30:11 Scale Mail Armor
30:02 Fletching
30:13 Padded Archer Armor
34:07 Imperial Age
33:39 Anarchy
34:51 Hand Cart
35:10 Perfusion
36:38 Elite Huskarl
39:29 Caravan
40:00 Coinage
41:28 Iron Casting
41:25 Chain Mail Armor
45:39 Blast Furnace
44:38 Bodkin Arrow
44:59 Leather Archer Armor
45:37 Leather Archer Armor
47:49 Chemistry
46:55 Siphons
47:00 Bracer
59:27 Onager
Khavy7047
12:24 Feudal Age
18:45 Castle Age
23:42 Double-Bit Axe
27:33 Chemistry
33:55 Bow Saw
35:00 Fortified Wall
37:29 Imperial Age
38:41 Elite Hussite Wagon
46:26 Two-Man Saw
56:20 Wagenburg Tactics
Mannu5899
11:11 Feudal Age
16:12 Horse Collar
16:24 Double-Bit Axe
17:38 Wheelbarrow
24:01 Gold Mining
26:14 Castle Age
24:13 Stone Mining
24:31 Scale Barding Armor
24:37 Forging
27:01 Hand Cart
29:14 Caravan
32:42 Imperial Age
30:25 Heavy Plow
33:28 Devotion
33:34 Husbandry
33:44 Bloodlines
33:26 Loom
33:57 Bow Saw
34:48 Cavalier
40:04 Chain Barding Armor
40:37 Iron Casting
45:48 Gold Shaft Mining
50:12 Savar
59:22 Town Watch
60:09 Coinage
59:50 Guilds
59:04 Pikeman
59:05 Man-at-Arms
59:47 Squires
59:32 Gambesons
60:12 Faith
60:28 Theocracy
60:31 Stone Shaft Mining
zLxgends-
6:22 Loom
15:11 Feudal Age
19:35 Wheelbarrow
29:36 Castle Age
29:50 Castle Age
33:57 Double-Bit Axe
34:12 Gold Mining
34:14 Stone Mining
34:44 Hand Cart
35:07 Coinage
34:39 Caravan
35:10 Husbandry
35:20 Scale Barding Armor
35:27 Forging
G!N0 C@$!N0
12:28 Feudal Age
13:02 Double-Bit Axe
12:58 Horse Collar
14:54 Wheelbarrow
15:49 Gold Mining
23:05 Castle Age
22:50 Stone Mining
24:11 Hand Cart
24:19 Bow Saw
27:46 Gold Shaft Mining
27:13 Heavy Plow
27:23 Caravan
35:22 Imperial Age
32:45 Loom
34:14 Ballistas
35:15 Ballistics
36:24 Siege Engineers
37:20 Chemistry
36:53 Heavy Scorpion
38:50 Capped Ram
41:45 Conscription
42:37 Man-at-Arms
43:15 Long Swordsman
44:27 Comitatenses
45:27 Bloodlines
45:17 Husbandry
45:31 Pikeman
47:10 Fletching
47:30 Forging
47:20 Scale Mail Armor
47:26 Halberdier
48:07 Squires
47:55 Cavalier
51:05 Bodkin Arrow
51:46 Iron Casting
51:26 Chain Mail Armor
53:21 Siege Ram
56:33 Murder Holes
DERGUTEALTESTUHL
16:20 Feudal Age
21:41 Castle Age
19:39 Double-Bit Axe
19:36 Horse Collar
26:36 Coinage
28:20 Bow Saw
32:20 Imperial Age
30:23 Pikeman
34:22 Ballistics
35:15 Caravan
35:33 Heavy Scorpion
40:12 Ballistas
39:28 Elite Centurion
40:50 Banking
47:25 Halberdier
calvindukelb
30:31 Feudal Age
30:30 Loom
40:53 Man-at-Arms
50:19 Forging
50:10 Scale Mail Armor
50:15 Scale Barding Armor
50:11 Padded Archer Armor
50:01 Fletching
62:11 Town Watch
Connection lost

Rejoining the realm…

Still unreachable

The connection could not be restored.

Session expired

The server has moved on; the page needs a fresh start.